 Dungeon Crawl Stone Soup version 0.20.1-1-g8b1a95d (webtiles) character file.

1243 MrModeste the Grappler (level 8, -3/74 HPs)
             Began as a Troll Monk on July 12, 2017.
             Slain by a worker ant (6 damage)
             ... on level 5 of the Dungeon.
             The game lasted 00:06:59 (3241 turns).

MrModeste the Grappler (Troll Monk)                 Turns: 3241, Time: 00:07:00

Health: -3/74      AC:  5    Str: 22    XL:     8   Next: 25%
Magic:  7/7        EV: 10    Int:  6    God:
Gold:   276        SH:  0    Dex: 14    Spells: 7/7 levels left

rFire    . . .     SeeInvis .     - Unarmed
rCold    . . .     Gourm    +   (no shield)
rNeg     . . .     Faith    .   a - +0 robe
rPois    +         Spirit   .   (helmet restricted)
rElec    .         Reflect  .   (no cloak)
rCorr    .         Harm     .   (gloves unavailable)
MR       .....                  (boots unavailable)
Stlth    ++........             (no amulet)
Regen    0.7/turn               j - +2 ring of strength
MPRegen  0.1/turn               x - ring of poison resistance

@: no status effects
A: unfitting armour, claws 3, fast metabolism 3, gourmand, regeneration 1,
shaggy fur 1, tough skin 2
a: no special abilities


You were on level 5 of the Dungeon.
You were very full.

You visited 1 branch of the dungeon, and saw 5 of its levels.

You collected 276 gold pieces.

Inventory:

Armour
 a - a +0 robe (worn)
Jewellery
 j - a +2 ring of strength (left claw)
 p - an uncursed ring of stealth
 q - an uncursed ring of magical power
 x - a ring of poison resistance (right claw)
Scrolls
 f - 9 scrolls of identify {unknown}
 h - a scroll of noise {unknown}
 o - a scroll of teleportation {unknown}
 s - 4 scrolls of magic mapping {unknown}
 t - a scroll of recharging {unknown}
 y - a scroll of amnesia {unknown}
Potions
 c - 3 potions of flight {unknown}
 d - a potion of haste {unknown}
 e - 2 potions of agility {unknown}
 i - a potion of might {unknown}
 l - a potion of brilliance {unknown}
 m - a potion of berserk rage {unknown}
 n - 3 potions of curing
 r - a potion of ambrosia {unknown}
 u - a potion of cancellation {unknown}
 v - a potion of degeneration {unknown}
 z - a potion of lignification {unknown}
Comestibles
 b - 4 bread rations
 g - 4 meat rations
 k - 4 royal jellies


   Skills:
 - Level 2.4 Fighting
 - Level 2.4 Dodging
 - Level 1.0 Stealth
 + Level 10.4 Unarmed Combat


You had 7 spell levels left.
You didn't know any spells.

Dungeon Overview and Level Annotations

Branches:
Dungeon (5/15)             Temple (0/1) D:5

Altars:
Sif Muna
Yredelemnul

Annotations:
D:4 !nogonichtgud, Natasha


Innate Abilities, Weirdness & Mutations

You are too large for most types of armour.
You have claws for hands.
Your metabolism is lightning-fast.
You like to eat raw meat.
Your natural rate of healing is unusually fast.
You are covered in fur. (AC +1)
You have very tough skin. (AC +2)


Message History

You are too injured to fight recklessly!
You are too injured to fight recklessly!
You are too injured to fight recklessly!
You are too injured to fight recklessly!
You claw the two-headed ogre!
The two-headed ogre is lightly wounded.
The crimson imp hits you but does no damage.
The two-headed ogre hits you with a giant club!
* * * LOW HITPOINT WARNING * * *
The two-headed ogre hits you with a giant spiked club.
* * * LOW HITPOINT WARNING * * *
The worker ant bites you.
* * * LOW HITPOINT WARNING * * *
Things that are here:
a dagger; a robe; an orc corpse The crimson imp blinks!
You claw the worker ant! You claw the worker ant.
The worker ant is almost dead.
The worker ant bites you.
You die...

...... .... .##.... ... .......
.. ###....#. ........##
......[..# ...5...)ยง#
........O##################
.?.......a@...............#
##############............#
#....# #.......(....#
#######.##.#####............# ###
#....##.##....##............#
..###.##.##.#####.##............#
#.##...#.##.# #.##............#
#.####.#.##.# #.##.############
#....#.#.##.# #.##.#


You could see a two-headed ogre, a worker ant and a crimson imp.

Vanquished Creatures
  Sigmund (D:4)
  The ghost of vishdafish the Chucker, an amateur TrHu (D:4)
  Eustachio (D:4)
  An ogre (D:4)
  A bullfrog (D:3)
  2 scorpions
  A bullfrog skeleton (D:4)
  3 hounds
  3 orc wizards
  Terence (D:2)
  An iguana (D:4)
  Natasha (twice) (D:4)
  3 worker ants (D:4)
  A hound skeleton (D:4)
  7 adders
  2 oozes
  2 worms (D:3)
  A leopard gecko (D:4)
  17 orcs
  3 giant cockroaches (D:1)
  7 goblins
  8 hobgoblins
  6 jackals
  A quokka (D:4)
  7 bats
  4 frilled lizards
  6 kobolds
  9 rats
102 creatures vanquished.

Notes
Turn   | Place    | Note
-------+----------+-------------------------------------------
     0 | D:1      | MrModeste the Troll Monk began the quest for the Orb.
     0 | D:1      | Reached XP level 1. HP: 22/22 MP: 0/0
   125 | D:1      | Reached XP level 2. HP: 26/29 MP: 1/1
   265 | D:1      | Reached skill level 4 in Unarmed Combat
   740 | D:2      | Reached XP level 3. HP: 36/36 MP: 2/2
   791 | D:2      | Noticed Terence
   797 | D:2      | Killed Terence
   948 | D:2      | Reached XP level 4. HP: 44/44 MP: 3/3
  1009 | D:2      | Reached skill level 5 in Unarmed Combat
  1634 | D:3      | Reached XP level 5. HP: 42/50 MP: 4/4
  1728 | D:3      | Reached skill level 6 in Unarmed Combat
  2060 | D:4      | Noticed vishdafish's ghost (amateur TrHu)
  2066 | D:4      | Reached XP level 6. HP: 58/59 MP: 5/5
  2078 | D:4      | Killed vishdafish's ghost
  2078 | D:4      | Reached skill level 7 in Unarmed Combat
  2348 | D:4      | Noticed Eustachio
  2363 | D:4      | Reached skill level 8 in Unarmed Combat
  2363 | D:4      | Reached XP level 7. HP: 48/66 MP: 6/6
  2385 | D:4      | Killed Eustachio
  2523 | D:4      | Noticed Natasha
  2531 | D:4      | Killed Natasha
  2531 | D:4      | Reached skill level 9 in Unarmed Combat
  2624 | D:4      | Noticed Sigmund
  2631 | D:4      | Killed Sigmund
  2631 | D:4      | Reached skill level 10 in Unarmed Combat
  2631 | D:4      | Reached XP level 8. HP: 58/74 MP: 7/7
  2758 | D:4      | Noticed Natasha
  2767 | D:4      | Killed Natasha
  2801 | D:4      | Found a deep blue altar of Sif Muna.
  2898 | D:4      | Noticed Natasha
  3010 | D:4      | Found a basalt altar of Yredelemnul.
  3135 | D:5      | Entered Level 5 of the Dungeon
  3229 | D:5      | Noticed a two-headed ogre
  3235 | D:5      | Found a staircase to the Ecumenical Temple.
  3236 | D:5      | HP: 5/74 [two-headed ogre/giant club (6)]
  3237 | D:5      | HP: 1/74 [worker ant (5)]
  3241 | D:5      | Slain by a worker ant

Skill      XL: |  1  2  3  4  5  6  7 |
---------------+----------------------+-----
Unarmed Combat | 4 5 6 8 10 | 10.4
Fighting       | |  2.4
Dodging        | |  2.4
Stealth        | |  1.0

Action                   |  1- 3 |  4- 6 |  7- 9 || total
-------------------------+-------+-------+-------++-------
Melee: Unarmed           |    77 |   137 |    74 ||   288
       Punch             |       |     1 |     5 ||     6
 Stab: Sleeping          |     2 |     1 |     2 ||     5
  Eat: Chunk             |    13 |    11 |     9 ||    33
Armor: Robe              |    32 |    57 |    20 ||   109
Dodge: Dodged            |    48 |    76 |    24 ||   148
